 Dungeon Crawl Stone Soup version 0.27.1-3-gb3d3a73c9e (webtiles) character file.

Game seed: 10292844226580946647

120 barney the Changer (level 4, -8/35 HPs)
             Began as a Draconian Transmuter on Oct 6, 2021.
             Killed by an exploding jackal (19 damage)
             ... ignited by their inner flame
             ... on level 3 of the Dungeon.
             The game lasted 00:02:50 (3556 turns).

barney the Changer (Draconian Transmuter)           Turns: 3556, Time: 00:02:51

Health: -8/35      AC:  6    Str: 15    XL:     4   Next: 75%
Magic:  7/7        EV: 12    Int: 15    God:
Gold:   49         SH:  0    Dex: 11    Spells: 6/7 levels left

rFire    + . .     SeeInvis .   h - +2 dagger (venom)
rCold    + . .     Faith    .   (no shield)
rNeg     . . .     Spirit   .   (armour unavailable)
rPois    +         Reflect  .   (helmet restricted)
rElec    +         Harm     .   g - scarf {repulsion}
rCorr    +         Rampage  .   b - +0 pair of gloves {Str+3}
Will     .....                  (no boots)
Stlth    +.........             (no amulet)
HPRegen  0.11/turn              (no ring)
MPRegen  0.10/turn              (no ring)

@: brilliant, about to teleport, resistant, weak-willed, flying, repel missiles
A: AC +5, unfitting armour, cold-blooded, big wings, poison resistance
a: no special abilities


You were on level 3 of the Dungeon.
You visited 1 branch of the dungeon, and saw 3 of its levels.

You collected 49 gold pieces.

Inventory:

Hand Weapons
 h - a +2 dagger of venom (weapon)
Armour
 b - a +0 pair of gloves of strength (worn)
 g - a scarf of repulsion (worn)
Jewellery
 a - a ring of protection from cold
Scrolls
 k - 3 scrolls of identify {unknown}


   Skills:
 - Level 1.1 Fighting
 - Level 1.7 Dodging
 - Level 3.0 Unarmed Combat
 - Level 2.0 Spellcasting
 + Level 5.0 Transmutations


You had 6 spell levels left.
You knew the following spells:

 Your Spells              Type           Power      Damage    Failure   Level
a - Beastly Appendage     Tmut           50%        N/A       2%          1

Your spell library contained the following spells:

 Spells                   Type           Power      Damage    Failure   Level
 Wereblood                Tmut           25%        N/A       4%          2
 Spider Form              Tmut/Pois      6%         N/A       24%         3
 Ignite Poison            Fire/Tmut/Pois 9%         N/A       32%         3
 Conjure Flame            Conj/Fire      2%         6-21      54%         3
 Ice Form                 Ice/Tmut       13%        N/A       61%         4
 Sticky Flame             Conj/Fire      2%         2d3       91%         4


Dungeon Overview and Level Annotations

Branches:
Dungeon (3/15)

Altars:
Xom

Shops:
D:3 =(


Innate Abilities, Weirdness & Mutations

Your plain brown scales are hard. (AC +5)
You cannot fit into any form of body armour.
You are cold-blooded and may be slowed by cold attacks.
Your large and strong wings let you fly.
Your system is resistant to poisons. (rPois)


Message History

It was a potion of brilliance.
You feel clever all of a sudden. The jackal barely misses you.
The jackal misses you. The hornet zombie closely misses you.
The jackal closely misses you.
The jackal bites you but does no damage.
The jackal barely misses you.
There is a stone staircase leading down here.
Your transformation is almost over.
The jackal closely misses you.
It was a potion of resistance.
You feel protected. The jackal completely misses you. The jackal bites you.
It was a potion of mutation.
You feel extremely strange.
Your wings grow larger and stronger.
You feel resistant to poisons. The jackal barely misses you.
As you read the scroll labelled BITWIO BANKOG OGOI, it crumbles to dust.
Magic quickly surges around you.
It was a scroll of vulnerability.
The jackal bites you but does no damage. x2
As you read the scroll labelled KYUHES ZEITZ, it crumbles to dust.
The creatures around you are filled with an inner flame!
It was a scroll of immolation.
The jackal barely misses you. The jackal bites you.
Your horns disappear.
Your talons disappear.
As you read the scroll labelled YVVIWA GUOBBUM, it crumbles to dust.
You feel strangely unstable.
It was a scroll of teleportation.
The jackal bites you but does no damage. x2
Casting: Beastly Appendage (safe; 2% risk of failure)
Confirm with . or Enter, or press ? or * to list all spells.
You don't know that spell.
Casting: Beastly Appendage (safe; 2% risk of failure)
Confirm with . or Enter, or press ? or * to list all spells.
Okay, then.
You barely miss the jackal. The jackal barely misses you.
You hit the jackal.
Flame seeps out of the jackal.
The jackal is poisoned.
The jackal is heavily wounded.
The jackal is engulfed in blazing flames.
The jackal explodes!
The fiery explosion engulfs you!! You resist.
Ouch! That really hurt!
You die...

#####...##..# #
#.......##.## #
###.#..##.##.#
#####...#.##..##.#
.......)..##.###.#
.##..######..# #.#
....## #.## #.# ..###
##.# #.# .<..### #..#
#@# ≈≈#...# #.## #○#
≈≈≈##.####.# #h#
∩...#..##..# #Z#
≈≈≈.##.#<.## #.#
≈≈..##...## #.#
....############>#####
....# ###..........#
..... .............#


You could see a hornet zombie (inner flame, weak-willed) and a jackal (inner
flame, weak-willed).

Vanquished Creatures
  An iguana (D:3)
  3 adders (D:2)
  A worm (D:2)
  3 orcs (D:3)
  3 ball pythons
  4 bats
  4 endoplasms
  A giant cockroach (D:1)
  8 hobgoblins
  14 jackals
  2 quokkas
  4 frilled lizards
  2 goblins (D:1)
  3 kobolds
  3 rats
56 creatures vanquished.

Notes
Turn   | Place    | Note
-------+----------+-------------------------------------------
     0 | D:1      | barney the Draconian Transmuter began the quest for the
                  | Orb.
     0 | D:1      | Reached XP level 1. HP: 16/16 MP: 3/3
   494 | D:1      | Found a faded altar of an unknown god.
   516 | D:1      | Reached XP level 2. HP: 12/23 MP: 5/5
  1051 | D:1      | Reached skill level 3 in Transmutations
  1880 | D:2      | Found a shimmering altar of Xom.
  1892 | D:2      | Reached XP level 3. HP: 17/28 MP: 4/6
  2195 | D:2      | Reached skill level 4 in Transmutations
  2982 | D:2      | Reached XP level 4. HP: 33/35 MP: 5/7
  3385 | D:3      | Found Naimedugh's Jewellery Boutique.
  3474 | D:3      | Reached skill level 5 in Transmutations
  3489 | D:3      | Found Hair Zio's Antique Weapon Shoppe.
  3548 | D:3      | Gained mutation: Your large and strong wings let you fly.
                  | [potion of mutation]
  3548 | D:3      | Gained mutation: Your system is resistant to poisons.
                  | (rPois) [potion of mutation]
  3556 | D:3      | Killed by an exploding jackal... ignited by their inner
                  | flame

Illustrated notes

Levels and vault maps discovered:
D:1:      kennysheep_arrival_forest, layout_loops_corners,
          hellmonk_ecumenical_altar_zigzags
D:2:      layout_basic, basic_altar, minmay_tromino_i2
D:3:      layout_rooms, nicolae_overflow_hidden_temple, serial_shops,
          nicolae_shop_waterfront, shop, uniq_grinder, uniq_jessica,
          uniq_sigmund

Skill      XL: |  1  2  3  4 |
---------------+-------------+-----
Transmutations | 3 4 5 |  5.0
Fighting       | |  1.1
Dodging        | |  1.7
Unarmed Combat | |  3.0
Spellcasting   | |  2.0

Action                   |  1- 3 |  4- 6 || total
-------------------------+-------+-------++-------
Melee: Unarmed           |   126 |       ||   126
       Kick              |    20 |    11 ||    31
       Headbutt          |    12 |     4 ||    16
       Tailslap          |    10 |     3 ||    13
       Punch             |     1 |       ||     1
       Dagger            |    12 |    39 ||    51
 Cast: Beastly Appendage |    23 |     9 ||    32
  Use: Scroll            |       |     3 ||     3
       Potion            |       |     3 ||     3
Armor: Skin              |    73 |    26 ||    99
Dodge: Dodged            |   113 |    49 ||   162
